JACKSONVILLE MUDBUGS vs TROIS-RIVIERES DRAVEURS

Created - 18 octobre 2025 at 22:06

Goals
1 2 3 T
JACKSONVILLE MUDBUGS 0 2 1 3
TROIS-RIVIERES DRAVEURS 4 3 0 7
Shots
1 2 3 T
JACKSONVILLE MUDBUGS 16 10 13 39
TROIS-RIVIERES DRAVEURS 11 18 6 35

1st period

1. TROIS-RIVIERES DRAVEURS , Hendrix Lapierre 2 (Jimmy Snuggerud 2, Conor Geekie 2) at 9:35
2. TROIS-RIVIERES DRAVEURS , Jimmy Snuggerud 1 (Hendrix Lapierre 1, Corson Ceulemans 4) at 11:10
3. TROIS-RIVIERES DRAVEURS , Zachary Bolduc 5 (Rasmus Kupari 5) at 13:44
4. TROIS-RIVIERES DRAVEURS , Zachary Bolduc 6 (Fabian Lysell 2, Rasmus Kupari 6) at 19:03

Penalties :
Ole Julian Bjorgvik-Holm (JAC) for Roughing (Minor) at 1:48, David Reinbacher (TRV) for Charging (Minor) at 16:35

2nd period

5. TROIS-RIVIERES DRAVEURS , Ryan O'Rourke 1 (Fabian Lysell 3, Zachary Bolduc 5) at 2:36
6. TROIS-RIVIERES DRAVEURS , Rasmus Kupari 6 (Zachary Bolduc 6, Tyler Wotherspoon 3) at 3:49
7. JACKSONVILLE MUDBUGS , Morgan Barron 4 (Martin Pospisil 4, Jack Rathbone 1) at 17:24
8. JACKSONVILLE MUDBUGS , Brett Leason 6 (Zach Aston-Reese 6) at 19:24
9. TROIS-RIVIERES DRAVEURS , Conor Geekie 3 (Henri Nikkanen 1) at 19:30

Penalties :
Artem Duda (JAC) for Tripping (Minor) at 13:16

3rd period

10. JACKSONVILLE MUDBUGS , Zach Aston-Reese 2 (Brett Leason 1) at 17:58

Penalties :
Brett Leason (JAC) for Holding (Minor) at 0:06, Corson Ceulemans (TRV) for Roughing (Minor) at 0:53, Benoit-Olivier Groulx (JAC) for Hooking (Minor) at 0:53, Artem Duda (JAC) for Holding (Minor) at 4:01, Zach Aston-Reese (JAC) for Hooking (Minor) at 7:46

Goalie Stats

Benjamin Gaudreau (JAC), 21 saves from 24 shots - (0,875), 40:57 minutes
Zach Sawchenko (JAC), 7 saves from 11 shots - (0,636), L, 3-1-0, 19:03 minutes
Dustin Tokarski (TRV), 36 saves from 39 shots - (0,923), W, 2-2-0, 60:00 minutes

Players Stats for JACKSONVILLE MUDBUGS

Player Name              G  A  P  +/- PIM S  H  SB GA TA FO     MP     PP MP  PK MP  
------------------------------------------------------------------------------------
Artem Duda               0  0  0  -4  4   0  1  1  0  0  0/0    19:23   0:43   1:44 
Benoit-Olivier Groulx    0  0  0   0  2   0  0  0  0  0  2/5     7:51   0:10   1:26 
Brett Leason             1  1  2   2  2   5  2  3  0  0  1/4    19:13   1:09   3:45 
Egor Sokolov             0  0  0   0  0   0  0  0  0  0  0/0     3:28   0:33   0:00 
Elliot Desnoyers         0  0  0   0  0   0  0  0  0  0  0/0     0:00   0:00   0:00 
Jack Rathbone            0  1  1   1  0   1  0  3  0  0  0/0    15:28   1:09   0:31 
Jaroslav Chmelar         0  0  0   0  0   0  0  0  0  0  0/0     0:00   0:00   0:00 
John Farinacci           0  0  0  -2  0   4  0  0  0  0  26/37  28:07   1:09   5:14 
Kasperi Kapanen          0  0  0  -4  0   3  0  0  0  0  1/1    10:43   0:00   0:00 
Martin Pospisil          0  1  1  -2  0   8  3  1  0  0  11/21  21:41   0:50   0:00 
Mikko Kokkonen           0  0  0  -5  0   1  2  2  0  0  0/0    26:12   0:36   4:00 
Morgan Barron            1  0  1  -2  0   7  0  0  0  0  3/4    20:25   0:40   0:00 
Ole Julian Bjorgvik-Holm 0  0  0   0  2   0  2  0  0  0  0/0    11:45   0:00   3:14 
Parker Wotherspoon       0  0  0   0  0   1  1  0  0  0  0/0    22:01   0:50   5:20 
Samu Tuomaala            0  0  0  -2  0   1  0  0  0  0  2/4    25:41   0:50   4:16 
Travis Barron            0  0  0   0  0   0  2  0  0  0  0/1     5:48   0:00   0:00 
Ty Emberson              0  0  0   0  0   1  2  0  0  0  0/0    25:08   0:40   5:01 
Zach Aston-Reese         1  1  2  -2  2   7  1  3  0  0  2/7    25:06   0:36   3:56 

Players Stats for TROIS-RIVIERES DRAVEURS

Player Name              G  A  P  +/- PIM S  H  SB GA TA FO     MP     PP MP  PK MP  
------------------------------------------------------------------------------------
Chaz Lucius              0  0  0   0  0   0  0  0  0  0  0/0     0:47   0:00   0:00 
Clark Bishop             0  0  0  -1  0   1  0  0  0  0  0/2    10:20   4:36   0:42 
Conor Geekie             1  1  2   3  0   2  4  0  0  0  4/6    25:30   2:25   1:17 
Corson Ceulemans         0  1  1   3  2   0  4  1  0  0  0/0    24:47   4:28   0:00 
David Jiricek            0  0  0   1  0   0  0  1  0  0  0/0    24:03   3:58   1:17 
David Reinbacher         0  0  0  -1  2   0  0  1  0  0  0/0    13:29   1:06   0:00 
Fabian Lysell            0  2  2   2  0   3  0  0  0  0  3/11   27:13   4:03   0:00 
Hendrix Lapierre         1  1  2   1  0   7  0  0  0  0  12/20  19:13   1:26   0:39 
Henri Nikkanen           0  1  1   0  0   0  1  0  0  0  2/2    14:09   3:22   0:38 
Jagger Firkus            0  0  0   0  0   1  0  0  0  0  0/0     4:07   0:47   0:00 
Jimmy Snuggerud          1  1  2   1  0   5  1  2  0  0  2/3    21:24   1:53   0:42 
Nate Danielson           0  0  0   0  0   1  0  0  0  0  1/1    10:26   0:00   0:00 
Oliver Moore             0  0  0   0  0   0  0  0  0  0  0/0     0:00   0:00   0:00 
Rasmus Kupari            1  2  3   3  0   6  1  2  0  0  1/2    22:02   3:22   0:00 
Ryan Chesley             0  0  0   0  0   0  0  1  0  0  0/0     7:13   0:00   0:42 
Ryan O'Rourke            1  0  1   4  0   1  2  0  0  0  0/0    23:49   3:46   0:42 
Tyler Wotherspoon        0  1  1   1  0   0  0  5  0  0  0/0    24:33   4:07   1:17 
Zachary Bolduc           2  2  4   3  0   8  1  0  0  0  11/37  22:55   4:15   0:00 

3 Stars

1 - Zachary Bolduc (TRV)
2 - Rasmus Kupari (TRV)
3 - Conor Geekie (TRV)

Power Play

JACKSONVILLE MUDBUGS - 0 on 1 Attempt(s) - 0,00%
TROIS-RIVIERES DRAVEURS - 0 on 5 Attempt(s) - 0,00%

Penalty Kill

JACKSONVILLE MUDBUGS - 5 on 5 Attempt(s) - 100,00% - Score 0 goal in Penalty Kill
TROIS-RIVIERES DRAVEURS - 1 on 1 Attempt(s) - 100,00% - Score 0 goal in Penalty Kill

Team Stat

JACKSONVILLE MUDBUGS - Hits : 16 - Faceoff Wins : 48 - Blocked Shots : 13 - Penalty Minutes : 12
TROIS-RIVIERES DRAVEURS - Hits : 14 - Faceoff Wins : 36 - Blocked Shots : 13 - Penalty Minutes : 4

Official

Referees : Gord Dwyer and Francis Charron
Linesman : Brandon Gawryletz and Pierre Racicot

Game Notes

Benjamin Gaudreau enters game at 19:03 of 1st period

JACKSONVILLE MUDBUGS

5 vs 5 Forward 
   Center                   Left Wing                Right Wing               Time % Phy DF OF 
 1 John Farinacci           Brett Leason             Zach Aston-Reese         36     1   2  2  
 2 Martin Pospisil          Morgan Barron            Samu Tuomaala            31     1   2  2  
 3 John Farinacci           Zach Aston-Reese         Kasperi Kapanen          23     1   2  2  
 4 Zach Aston-Reese         Travis Barron            John Farinacci           10     1   2  2  

5 vs 5 Defense 
   Defense                  Defense                                           Time % Phy DF OF 
 1 Ty Emberson              Parker Wotherspoon                                36     1   2  2  
 2 Artem Duda               Mikko Kokkonen                                    31     1   2  2  
 3 Jack Rathbone            Mikko Kokkonen                                    23     1   2  2  
 4 Ole Julian Bjorgvik-Holm Ty Emberson                                       10     1   2  2  

PowerPlay Forward 
   Center                   Left Wing                Right Wing               Time % Phy DF OF 
 1 John Farinacci           Brett Leason             Zach Aston-Reese         55     1   2  2  
 2 Martin Pospisil          Morgan Barron            Samu Tuomaala            45     1   2  2  

PowerPlay Defense
   Defense                  Defense                                           Time % Phy DF OF 
 1 Ty Emberson              Parker Wotherspoon                                55     1   2  2  
 2 Jack Rathbone            Mikko Kokkonen                                    45     1   2  2  

Penalty Kill 4 Players Forward 
   Center                   Wing                     Time % Phy DF OF 
 1 John Farinacci           Samu Tuomaala            55     1   2  2  
 2 Brett Leason             Zach Aston-Reese         45     1   2  2  

Penalty Kill 4 Players Defense
   Defense                  Defense                  Time % Phy DF OF 
 1 Ty Emberson              Parker Wotherspoon       55     1   2  2  
 2 Ole Julian Bjorgvik-Holm Mikko Kokkonen           45     1   2  2  

Penalty Kill - 3 Players Forward 
   Forward                                           Time % Phy DF OF 
 1 Zach Aston-Reese                                  55     1   2  2  
 2 John Farinacci                                    45     1   2  2  

Penalty Kill - 3 Players Defense
   Defense                  Defense                  Time % Phy DF OF 
 1 Ty Emberson              Artem Duda               55     1   2  2  
 2 Parker Wotherspoon       Mikko Kokkonen           45     1   2  2  

4 vs 4 Forward 
   Center                   Wing                     Time % Phy DF OF 
 1 John Farinacci           Brett Leason             55     1   2  2  
 2 Samu Tuomaala            Zach Aston-Reese         45     1   2  2  

4 vs 4 Defense
   Defense                  Defense                  Time % Phy DF OF 
 1 Parker Wotherspoon       Ty Emberson              55     1   2  2  
 2 Artem Duda               Mikko Kokkonen           45     1   2  2  

Last Minutes Offensive
   Center                   Left Wing                Right Wing               Defense                  Defense                  
   Brett Leason             Zach Aston-Reese         John Farinacci           Ty Emberson              Parker Wotherspoon       

Last Minutes Defensive
   Center                   Left Wing                Right Wing               Defense                  Defense                  
   Brett Leason             Zach Aston-Reese         John Farinacci           Ty Emberson              Parker Wotherspoon       

Goaltenders
Starting : Zach Sawchenko           
Backup : Benjamin Gaudreau        

Extra Forwards
Normal : Kasperi Kapanen, John Farinacci, Zach Aston-Reese - PP : Zach Aston-Reese, John Farinacci - PK : Zach Aston-Reese
Extra Defensemen
Normal : Mikko Kokkonen, Ty Emberson, Jack Rathbone - PP : Mikko Kokkonen - PK : Ole Julian Bjorgvik-Holm, Mikko Kokkonen
Penalty Shots
Zach Aston-Reese, Travis Barron, Brett Leason, Samu Tuomaala, John Farinacci

Scratches
Jacob Melanson (Healthy), Jaret Anderson-Dolan (Healthy), Maxim Barbashev (Healthy), MacKenzie Entwistle (Healthy), Maxim Groshev (Healthy)
Robert Mastrosimone (Healthy), Tanner Dickinson (Healthy), Samuel Laberge (Healthy), Noah Beck (Healthy), Samuel Savoie (Healthy)
Zac Funk (Healthy), William Dufour (Healthy), Vyacheslav Peksa (Healthy)

TROIS-RIVIERES DRAVEURS

5 vs 5 Forward 
   Center                   Left Wing                Right Wing               Time % Phy DF OF 
 1 Zachary Bolduc           Rasmus Kupari            Fabian Lysell            30     1   2  2  
 2 Hendrix Lapierre         Jimmy Snuggerud          Conor Geekie             30     1   2  2  
 3 Fabian Lysell            Conor Geekie             Nate Danielson           30     1   2  2  
 4 Clark Bishop             Conor Geekie             Fabian Lysell            10     1   2  2  

5 vs 5 Defense 
   Defense                  Defense                                           Time % Phy DF OF 
 1 Tyler Wotherspoon        David Jiricek                                     30     1   2  2  
 2 Ryan O'Rourke            Corson Ceulemans                                  30     1   2  2  
 3 Corson Ceulemans         David Jiricek                                     30     1   2  2  
 4 Corson Ceulemans         David Reinbacher                                  10     1   2  2  

PowerPlay Forward 
   Center                   Left Wing                Right Wing               Time % Phy DF OF 
 1 Zachary Bolduc           Clark Bishop             Fabian Lysell            55     1   2  2  
 2 Conor Geekie             Rasmus Kupari            Henri Nikkanen           45     1   2  2  

PowerPlay Defense
   Defense                  Defense                                           Time % Phy DF OF 
 1 Corson Ceulemans         David Jiricek                                     55     1   2  2  
 2 Tyler Wotherspoon        Ryan O'Rourke                                     45     1   2  2  

Penalty Kill 4 Players Forward 
   Center                   Wing                     Time % Phy DF OF 
 1 Henri Nikkanen           Conor Geekie             55     1   2  2  
 2 Clark Bishop             Fabian Lysell            45     1   2  2  

Penalty Kill 4 Players Defense
   Defense                  Defense                  Time % Phy DF OF 
 1 Tyler Wotherspoon        David Jiricek            55     1   2  2  
 2 Corson Ceulemans         Ryan O'Rourke            45     1   2  2  

Penalty Kill - 3 Players Forward 
   Forward                                           Time % Phy DF OF 
 1 Clark Bishop                                      55     1   2  2  
 2 Fabian Lysell                                     45     1   2  2  

Penalty Kill - 3 Players Defense
   Defense                  Defense                  Time % Phy DF OF 
 1 Tyler Wotherspoon        David Jiricek            55     1   2  2  
 2 Corson Ceulemans         Ryan O'Rourke            45     1   2  2  

4 vs 4 Forward 
   Center                   Wing                     Time % Phy DF OF 
 1 Conor Geekie             Clark Bishop             55     1   2  2  
 2 Henri Nikkanen           Fabian Lysell            45     1   2  2  

4 vs 4 Defense
   Defense                  Defense                  Time % Phy DF OF 
 1 Corson Ceulemans         Ryan O'Rourke            55     1   2  2  
 2 David Reinbacher         David Jiricek            45     1   2  2  

Last Minutes Offensive
   Center                   Left Wing                Right Wing               Defense                  Defense                  
   Zachary Bolduc           Conor Geekie             Fabian Lysell            Tyler Wotherspoon        David Jiricek            

Last Minutes Defensive
   Center                   Left Wing                Right Wing               Defense                  Defense                  
   Zachary Bolduc           Conor Geekie             Fabian Lysell            Tyler Wotherspoon        David Jiricek            

Goaltenders
Starting : Dustin Tokarski          
Backup : Jesper Wallstedt         

Extra Forwards
Normal : Henri Nikkanen, Fabian Lysell, Clark Bishop - PP : Henri Nikkanen, Fabian Lysell - PK : Clark Bishop
Extra Defensemen
Normal : Corson Ceulemans, Tyler Wotherspoon, David Jiricek - PP : Corson Ceulemans - PK : Corson Ceulemans, David Jiricek
Penalty Shots
Conor Geekie, Clark Bishop, Henri Nikkanen, Fabian Lysell, Zachary Bolduc

Scratches
Samuel Honzek (Healthy), Austin Strand (Healthy), Ashton Sautner (Healthy), Artyom Levshunov (Healthy), Axel Sandin-Pellikka (Healthy)
Cedric Pare (Healthy), Sam Bitten (Healthy), Rutger McGroarty (Healthy), Mark Senden (Healthy), Brandon Halverson (Healthy)
Ken Appleby (Healthy), Magnus Hellberg (Healthy)

% Time on Ice - JACKSONVILLE MUDBUGS

Lines # - Real PCT - Wanted PCT - Time Play
Normal Forward
1 - 22% - 36% - 10:25
2 - 45% - 31% - 21:27
3 - 20% - 23% - 9:39
4 - 12% - 10% - 5:48
Normal Defense
1 - 33% - 36% - 15:28
2 - 29% - 31% - 13:32
3 - 21% - 23% - 9:47
4 - 18% - 10% - 8:32
PP Forward
1 - 58% - 55% - 1:09
2 - 42% - 45% - 0:50
PP Defense
1 - 42% - 55% - 0:50
2 - 58% - 45% - 1:09
PK Forward
1 - 55% - 55% - 4:47
2 - 45% - 45% - 3:56
PK Defense
1 - 55% - 55% - 4:46
2 - 45% - 45% - 3:57
PK3 Forward
1 - 63% - 55% - 0:45
2 - 38% - 45% - 0:27
PK3 Defense
1 - 53% - 55% - 0:38
2 - 47% - 45% - 0:34
44 Forward
1 - 100% - 55% - 0:47
2 - 0% - 45% - 0:00
44 Defense
1 - 49% - 55% - 0:23
2 - 51% - 45% - 0:24
Last Minute Offensive  - 0:00
Last Minute Defensive  - 0:00
Total
Forward - 60:00
Defense - 60:00

% Time on Ice - TROIS-RIVIERES DRAVEURS

Lines # - Real PCT - Wanted PCT - Time Play
Normal Forward
1 - 39% - 30% - 18:40
2 - 38% - 30% - 18:01
3 - 22% - 30% - 10:26
4 - 0% - 10% - 0:12
Normal Defense
1 - 32% - 30% - 15:04
2 - 38% - 30% - 17:58
3 - 8% - 30% - 3:52
4 - 22% - 10% - 10:25
PP Forward
1 - 56% - 55% - 4:53
2 - 44% - 45% - 3:50
PP Defense
1 - 51% - 55% - 4:29
2 - 49% - 45% - 4:14
PK Forward
1 - 65% - 55% - 1:17
2 - 35% - 45% - 0:42
PK Defense
1 - 65% - 55% - 1:17
2 - 35% - 45% - 0:42
PK3 Forward
1 - 0% - 55%
2 - 0% - 45%
PK3 Defense
1 - 0% - 55%
2 - 0% - 45%
44 Forward
1 - 98% - 55% - 1:57
2 - 2% - 45% - 0:02
44 Defense
1 - 71% - 55% - 1:25
2 - 29% - 45% - 0:34
Last Minute Offensive  - 0:00
Last Minute Defensive  - 0:00
Total
Forward - 60:00
Defense - 60:00

Play-by-Play

1st period


0:01 of 1st period - John Farinacci wins face-off versus Zachary Bolduc in neutral zone.
0:30 of 1st period - Shot by Zach Aston-Reese.
0:30 of 1st period - Stopped by Dustin Tokarski without a rebound.
0:31 of 1st period - Hendrix Lapierre wins face-off versus Martin Pospisil in TROIS-RIVIERES DRAVEURS zone.
0:43 of 1st period - Martin Pospisil is hit by Ryan O'Rourke.
0:54 of 1st period - Martin Pospisil is hit by Corson Ceulemans and loses puck.
1:02 of 1st period - Martin Pospisil is hit by Corson Ceulemans.
1:32 of 1st period - Shot by Zach Aston-Reese.
1:32 of 1st period - Stopped by Dustin Tokarski with a rebound.
1:48 of 1st period - Minor Penalty to Ole Julian Bjorgvik-Holm for Roughing.
1:49 of 1st period - John Farinacci wins face-off versus Zachary Bolduc in JACKSONVILLE MUDBUGS zone.
1:55 of 1st period - Icing by Tyler Wotherspoon.
1:56 of 1st period - Zachary Bolduc wins face-off versus Brett Leason in TROIS-RIVIERES DRAVEURS zone.
2:13 of 1st period - Shot by Clark Bishop.
2:13 of 1st period - Stopped by Zach Sawchenko with a rebound.
2:53 of 1st period - Shot by Zach Aston-Reese.
2:53 of 1st period - Deflect By Brett Leason.
2:53 of 1st period - Shot Misses the Net.
3:07 of 1st period - Shot by Conor Geekie.
3:07 of 1st period - Shot Misses the Net.
3:43 of 1st period - Shot by Jimmy Snuggerud.
3:43 of 1st period - Stopped by Zach Sawchenko without a rebound.
3:44 of 1st period - John Farinacci wins face-off versus Conor Geekie in JACKSONVILLE MUDBUGS zone.
3:57 of 1st period - Corson Ceulemans is hit by Martin Pospisil and loses puck.
5:28 of 1st period - Icing by Artem Duda.
5:29 of 1st period - Brett Leason wins face-off versus Zachary Bolduc in JACKSONVILLE MUDBUGS zone.
5:29 of 1st period - Brett Leason is hit by Zachary Bolduc.
6:03 of 1st period - Shot by Morgan Barron.
6:03 of 1st period - Shot Misses the Net.
7:09 of 1st period - Shot by Zach Aston-Reese.
7:09 of 1st period - Shot Misses the Net.
7:11 of 1st period - Shot by Zach Aston-Reese.
7:11 of 1st period - Shot Blocked by Jimmy Snuggerud.
7:13 of 1st period - Shot by Zach Aston-Reese.
7:13 of 1st period - Shot Misses the Net.
7:42 of 1st period - Off-side.
7:43 of 1st period - Kasperi Kapanen wins face-off versus Zachary Bolduc in neutral zone.
7:59 of 1st period - Shot by Zachary Bolduc.
7:59 of 1st period - Stopped by Zach Sawchenko without a rebound.
8:00 of 1st period - Morgan Barron wins face-off versus Fabian Lysell in JACKSONVILLE MUDBUGS zone.
8:18 of 1st period - Shot by Morgan Barron.
8:18 of 1st period - Stopped by Dustin Tokarski without a rebound.
8:19 of 1st period - Hendrix Lapierre wins face-off versus Zach Aston-Reese in TROIS-RIVIERES DRAVEURS zone.
8:23 of 1st period - Conor Geekie is hit by Travis Barron and loses puck.
8:30 of 1st period - Shot by John Farinacci.
8:30 of 1st period - Deflect By Zach Aston-Reese.
8:30 of 1st period - Stopped by Dustin Tokarski without a rebound.
8:31 of 1st period - John Farinacci wins face-off versus Zachary Bolduc in TROIS-RIVIERES DRAVEURS zone.
8:34 of 1st period - Shot by Kasperi Kapanen.
8:34 of 1st period - Shot Blocked by Rasmus Kupari.
9:20 of 1st period - Conor Geekie is hit by Mikko Kokkonen and loses puck.
9:31 of 1st period - Shot by Jimmy Snuggerud.
9:31 of 1st period - Shot Misses the Net.
9:33 of 1st period - Shot by Jimmy Snuggerud.
9:33 of 1st period - Shot Misses the Net.
9:35 of 1st period - Shot by Hendrix Lapierre.
9:35 of 1st period - Goal by Hendrix Lapierre - JACKSONVILLE MUDBUGS : 0 - TROIS-RIVIERES DRAVEURS : 1.
9:36 of 1st period - Samu Tuomaala wins face-off versus Zachary Bolduc in neutral zone.
9:45 of 1st period - Shot by Martin Pospisil.
9:45 of 1st period - Stopped by Dustin Tokarski with a rebound.
9:51 of 1st period - Shot by Rasmus Kupari.
9:51 of 1st period - Shot Misses the Net.
10:04 of 1st period - Icing by Mikko Kokkonen.
10:05 of 1st period - Jimmy Snuggerud wins face-off versus Morgan Barron in JACKSONVILLE MUDBUGS zone.
10:10 of 1st period - Shot by Jimmy Snuggerud.
10:10 of 1st period - Stopped by Zach Sawchenko without a rebound.
10:11 of 1st period - John Farinacci wins face-off versus Fabian Lysell in JACKSONVILLE MUDBUGS zone.
10:33 of 1st period - Shot by Conor Geekie.
10:33 of 1st period - Shot Misses the Net.
10:38 of 1st period - Icing by Brett Leason.
10:39 of 1st period - John Farinacci wins face-off versus Hendrix Lapierre in JACKSONVILLE MUDBUGS zone.
10:44 of 1st period - Ryan O'Rourke is hit by Brett Leason and loses puck.
11:10 of 1st period - Shot by Jimmy Snuggerud.
11:10 of 1st period - Goal by Jimmy Snuggerud - JACKSONVILLE MUDBUGS : 0 - TROIS-RIVIERES DRAVEURS : 2.
11:11 of 1st period - Zach Aston-Reese wins face-off versus Zachary Bolduc in neutral zone.
11:14 of 1st period - Shot by John Farinacci.
11:14 of 1st period - Stopped by Dustin Tokarski with a rebound.
11:16 of 1st period - Shot by Jack Rathbone.
11:16 of 1st period - Stopped by Dustin Tokarski without a rebound.
11:17 of 1st period - Martin Pospisil wins face-off versus Zachary Bolduc in TROIS-RIVIERES DRAVEURS zone.
11:20 of 1st period - Shot by Martin Pospisil.
11:20 of 1st period - Stopped by Dustin Tokarski without a rebound.
11:21 of 1st period - John Farinacci wins face-off versus Zachary Bolduc in TROIS-RIVIERES DRAVEURS zone.
11:33 of 1st period - Icing by David Reinbacher.
11:34 of 1st period - Martin Pospisil wins face-off versus Zachary Bolduc in TROIS-RIVIERES DRAVEURS zone.
11:35 of 1st period - Shot by Ty Emberson.
11:35 of 1st period - Shot Misses the Net.
11:45 of 1st period - Shot by Rasmus Kupari.
11:45 of 1st period - Stopped by Zach Sawchenko without a rebound.
11:46 of 1st period - John Farinacci wins face-off versus Hendrix Lapierre in JACKSONVILLE MUDBUGS zone.
12:07 of 1st period - Shot by Zach Aston-Reese.
12:07 of 1st period - Stopped by Dustin Tokarski without a rebound.
12:08 of 1st period - Fabian Lysell wins face-off versus Samu Tuomaala in TROIS-RIVIERES DRAVEURS zone.
12:24 of 1st period - Zachary Bolduc is hit by Ty Emberson and loses puck.
13:04 of 1st period - Shot by Conor Geekie.
13:04 of 1st period - Stopped by Zach Sawchenko without a rebound.
13:05 of 1st period - John Farinacci wins face-off versus Hendrix Lapierre in JACKSONVILLE MUDBUGS zone.
13:05 of 1st period - John Farinacci is hit by Jimmy Snuggerud.
13:40 of 1st period - Off-side.
13:41 of 1st period - Zachary Bolduc wins face-off versus Zach Aston-Reese in neutral zone.
13:44 of 1st period - Shot by Zachary Bolduc.
13:44 of 1st period - Goal by Zachary Bolduc - JACKSONVILLE MUDBUGS : 0 - TROIS-RIVIERES DRAVEURS : 3.
13:45 of 1st period - John Farinacci wins face-off versus Zachary Bolduc in neutral zone.
14:48 of 1st period - Shot by Morgan Barron.
14:48 of 1st period - Stopped by Dustin Tokarski without a rebound.
14:49 of 1st period - Fabian Lysell wins face-off versus Martin Pospisil in TROIS-RIVIERES DRAVEURS zone.
15:03 of 1st period - Icing by Corson Ceulemans.
15:04 of 1st period - John Farinacci wins face-off versus Fabian Lysell in TROIS-RIVIERES DRAVEURS zone.
15:05 of 1st period - Shot by Brett Leason.
15:05 of 1st period - Shot Misses the Net.
15:07 of 1st period - Shot by Brett Leason.
15:07 of 1st period - Stopped by Dustin Tokarski without a rebound.
15:08 of 1st period - Martin Pospisil wins face-off versus Zachary Bolduc in TROIS-RIVIERES DRAVEURS zone.
15:09 of 1st period - Shot by Morgan Barron.
15:09 of 1st period - Shot Misses the Net.
15:11 of 1st period - Shot by Parker Wotherspoon.
15:11 of 1st period - Shot Blocked by Rasmus Kupari.
15:13 of 1st period - Shot by Morgan Barron.
15:13 of 1st period - Stopped by Dustin Tokarski with a rebound.
15:19 of 1st period - Shot by Morgan Barron.
15:19 of 1st period - Stopped by Dustin Tokarski with a rebound.
15:21 of 1st period - Shot by Parker Wotherspoon.
15:21 of 1st period - Shot Blocked by Tyler Wotherspoon.
16:01 of 1st period - Shot by Conor Geekie.
16:01 of 1st period - Shot Blocked by Brett Leason.
16:03 of 1st period - Shot by Jimmy Snuggerud.
16:03 of 1st period - Shot Misses the Net.
16:05 of 1st period - Shot by Hendrix Lapierre.
16:05 of 1st period - Stopped by Zach Sawchenko without a rebound.
16:06 of 1st period - Nate Danielson wins face-off versus John Farinacci in JACKSONVILLE MUDBUGS zone.
16:15 of 1st period - Shot by Brett Leason.
16:15 of 1st period - Shot Misses the Net.
16:35 of 1st period - Minor Penalty to David Reinbacher for Charging.
16:36 of 1st period - Henri Nikkanen wins face-off versus Martin Pospisil in TROIS-RIVIERES DRAVEURS zone.
16:59 of 1st period - Shot by Martin Pospisil.
16:59 of 1st period - Shot Blocked by Tyler Wotherspoon.
17:55 of 1st period - Shot by Parker Wotherspoon.
17:55 of 1st period - Stopped by Dustin Tokarski without a rebound.
17:56 of 1st period - John Farinacci wins face-off versus Hendrix Lapierre in TROIS-RIVIERES DRAVEURS zone.
18:34 of 1st period - Tyler Wotherspoon is hit by Martin Pospisil and loses puck.
18:43 of 1st period - Shot by Zach Aston-Reese.
18:43 of 1st period - Stopped by Dustin Tokarski without a rebound.
18:44 of 1st period - Morgan Barron wins face-off versus Zachary Bolduc in TROIS-RIVIERES DRAVEURS zone.
18:44 of 1st period - Martin Pospisil is hit by Ryan O'Rourke and loses puck.
18:47 of 1st period - Shot by Morgan Barron.
18:47 of 1st period - Shot Misses the Net.
18:49 of 1st period - Shot by Mikko Kokkonen.
18:49 of 1st period - Stopped by Dustin Tokarski without a rebound.
18:50 of 1st period - John Farinacci wins face-off versus Zachary Bolduc in TROIS-RIVIERES DRAVEURS zone.
19:03 of 1st period - Shot by Zachary Bolduc.
19:03 of 1st period - Goal by Zachary Bolduc - JACKSONVILLE MUDBUGS : 0 - TROIS-RIVIERES DRAVEURS : 4.
19:03 of 1st period - Benjamin Gaudreau enters game.
19:04 of 1st period - Zachary Bolduc wins face-off versus Martin Pospisil in neutral zone.
Goals for this period are 0 for JACKSONVILLE MUDBUGS vs 4 for TROIS-RIVIERES DRAVEURS.
Shots for this period are 16 for JACKSONVILLE MUDBUGS vs 11 for TROIS-RIVIERES DRAVEURS.

2nd period


0:01 of 2nd period - John Farinacci wins face-off versus Fabian Lysell in neutral zone.
0:19 of 2nd period - Zach Aston-Reese is hit by Conor Geekie and loses puck.
1:48 of 2nd period - Icing by David Reinbacher.
1:49 of 2nd period - John Farinacci wins face-off versus Hendrix Lapierre in TROIS-RIVIERES DRAVEURS zone.
1:50 of 2nd period - Shot by Zach Aston-Reese.
1:50 of 2nd period - Shot Blocked by David Reinbacher.
1:55 of 2nd period - Jimmy Snuggerud is hit by Zach Aston-Reese and loses puck.
2:04 of 2nd period - Shot by Hendrix Lapierre.
2:04 of 2nd period - Stopped by Benjamin Gaudreau with a rebound.
2:06 of 2nd period - Shot by Hendrix Lapierre.
2:06 of 2nd period - Deflect By Conor Geekie.
2:06 of 2nd period - Shot Blocked by Jack Rathbone.
2:08 of 2nd period - Shot by Conor Geekie.
2:08 of 2nd period - Shot Misses the Net.
2:10 of 2nd period - Shot by Jimmy Snuggerud.
2:10 of 2nd period - Shot Blocked by Zach Aston-Reese.
2:24 of 2nd period - Shot by Zachary Bolduc.
2:24 of 2nd period - Stopped by Benjamin Gaudreau with a rebound.
2:26 of 2nd period - Shot by Fabian Lysell.
2:26 of 2nd period - Stopped by Benjamin Gaudreau with a rebound.
2:28 of 2nd period - Shot by Ryan O'Rourke.
2:28 of 2nd period - Shot Blocked by Zach Aston-Reese.
2:34 of 2nd period - Shot by Fabian Lysell.
2:34 of 2nd period - Shot Misses the Net.
2:36 of 2nd period - Shot by Ryan O'Rourke.
2:36 of 2nd period - Goal by Ryan O'Rourke - JACKSONVILLE MUDBUGS : 0 - TROIS-RIVIERES DRAVEURS : 5.
2:37 of 2nd period - Benoit-Olivier Groulx wins face-off versus Fabian Lysell in neutral zone.
2:48 of 2nd period - Shot by Benoit-Olivier Groulx.
2:48 of 2nd period - Shot Misses the Net.
3:04 of 2nd period - Shot by Nate Danielson.
3:04 of 2nd period - Stopped by Benjamin Gaudreau without a rebound.
3:05 of 2nd period - Martin Pospisil wins face-off versus Hendrix Lapierre in JACKSONVILLE MUDBUGS zone.
3:47 of 2nd period - Shot by Zachary Bolduc.
3:47 of 2nd period - Shot Blocked by Artem Duda.
3:49 of 2nd period - Shot by Rasmus Kupari.
3:49 of 2nd period - Goal by Rasmus Kupari - JACKSONVILLE MUDBUGS : 0 - TROIS-RIVIERES DRAVEURS : 6.
3:50 of 2nd period - John Farinacci wins face-off versus Zachary Bolduc in neutral zone.
4:11 of 2nd period - Shot by Brett Leason.
4:11 of 2nd period - Deflect By John Farinacci.
4:11 of 2nd period - Shot Blocked by David Jiricek.
4:13 of 2nd period - Shot by Ty Emberson.
4:13 of 2nd period - Stopped by Dustin Tokarski without a rebound.
4:14 of 2nd period - Hendrix Lapierre wins face-off versus Zach Aston-Reese in TROIS-RIVIERES DRAVEURS zone.
4:45 of 2nd period - Shot by Zach Aston-Reese.
4:45 of 2nd period - Shot Blocked by Jimmy Snuggerud.
5:04 of 2nd period - Shot by Zachary Bolduc.
5:04 of 2nd period - Stopped by Benjamin Gaudreau with a rebound.
5:06 of 2nd period - Shot by Rasmus Kupari.
5:06 of 2nd period - Stopped by Benjamin Gaudreau with a rebound.
5:12 of 2nd period - Shot by Zachary Bolduc.
5:12 of 2nd period - Stopped by Benjamin Gaudreau without a rebound.
5:13 of 2nd period - Morgan Barron wins face-off versus Zachary Bolduc in JACKSONVILLE MUDBUGS zone.
5:35 of 2nd period - Zachary Bolduc is hit by Martin Pospisil and loses puck.
5:40 of 2nd period - Shot by Zachary Bolduc.
5:40 of 2nd period - Stopped by Benjamin Gaudreau without a rebound.
5:41 of 2nd period - Fabian Lysell wins face-off versus Martin Pospisil in JACKSONVILLE MUDBUGS zone.
5:50 of 2nd period - Shot by Nate Danielson.
5:50 of 2nd period - Shot Misses the Net.
5:58 of 2nd period - Shot by Martin Pospisil.
5:58 of 2nd period - Shot Misses the Net.
6:00 of 2nd period - Shot by Morgan Barron.
6:00 of 2nd period - Shot Misses the Net.
6:02 of 2nd period - Shot by Martin Pospisil.
6:02 of 2nd period - Stopped by Dustin Tokarski without a rebound.
6:03 of 2nd period - Hendrix Lapierre wins face-off versus John Farinacci in TROIS-RIVIERES DRAVEURS zone.
6:44 of 2nd period - Brett Leason is hit by Conor Geekie and loses puck.
6:59 of 2nd period - Shot by Martin Pospisil.
6:59 of 2nd period - Stopped by Dustin Tokarski without a rebound.
7:00 of 2nd period - Samu Tuomaala wins face-off versus Zachary Bolduc in TROIS-RIVIERES DRAVEURS zone.
7:00 of 2nd period - Samu Tuomaala is hit by Corson Ceulemans.
7:05 of 2nd period - Morgan Barron is hit by Corson Ceulemans and loses puck.
7:24 of 2nd period - Shot by Zachary Bolduc.
7:24 of 2nd period - Deflect By Rasmus Kupari.
7:24 of 2nd period - Shot Misses the Net.
7:36 of 2nd period - Martin Pospisil is hit by Rasmus Kupari and loses puck.
8:18 of 2nd period - Shot by Clark Bishop.
8:18 of 2nd period - Shot Blocked by Jack Rathbone.
8:22 of 2nd period - Shot by Nate Danielson.
8:22 of 2nd period - Deflect By Clark Bishop.
8:22 of 2nd period - Shot Misses the Net.
8:57 of 2nd period - Shot by Jimmy Snuggerud.
8:57 of 2nd period - Deflect By Hendrix Lapierre.
8:57 of 2nd period - Shot Misses the Net.
9:27 of 2nd period - Shot by Fabian Lysell.
9:27 of 2nd period - Stopped by Benjamin Gaudreau with a rebound.
10:35 of 2nd period - Shot by Zach Aston-Reese.
10:35 of 2nd period - Shot Misses the Net.
10:37 of 2nd period - Shot by Ty Emberson.
10:37 of 2nd period - Shot Misses the Net.
10:45 of 2nd period - Shot by Zach Aston-Reese.
10:45 of 2nd period - Shot Misses the Net.
11:17 of 2nd period - Shot by Martin Pospisil.
11:17 of 2nd period - Stopped by Dustin Tokarski without a rebound.
11:18 of 2nd period - Martin Pospisil wins face-off versus Zachary Bolduc in TROIS-RIVIERES DRAVEURS zone.
11:27 of 2nd period - Shot by Martin Pospisil.
11:27 of 2nd period - Stopped by Dustin Tokarski without a rebound.
11:28 of 2nd period - Hendrix Lapierre wins face-off versus Benoit-Olivier Groulx in TROIS-RIVIERES DRAVEURS zone.
12:20 of 2nd period - Shot by Zachary Bolduc.
12:20 of 2nd period - Shot Misses the Net.
12:22 of 2nd period - Shot by Rasmus Kupari.
12:22 of 2nd period - Stopped by Benjamin Gaudreau without a rebound.
12:23 of 2nd period - Zachary Bolduc wins face-off versus Martin Pospisil in JACKSONVILLE MUDBUGS zone.
13:16 of 2nd period - Minor Penalty to Artem Duda for Tripping.
13:17 of 2nd period - Hendrix Lapierre wins face-off versus John Farinacci in JACKSONVILLE MUDBUGS zone.
13:39 of 2nd period - Shot by Jimmy Snuggerud.
13:39 of 2nd period - Shot Misses the Net.
13:41 of 2nd period - Shot by Jimmy Snuggerud.
13:41 of 2nd period - Shot Blocked by Jack Rathbone.
13:43 of 2nd period - Shot by Jimmy Snuggerud.
13:43 of 2nd period - Shot Misses the Net.
13:45 of 2nd period - Shot by Jimmy Snuggerud.
13:45 of 2nd period - Shot Blocked by Zach Aston-Reese.
13:47 of 2nd period - Shot by Jimmy Snuggerud.
13:47 of 2nd period - Stopped by Benjamin Gaudreau without a rebound.
13:48 of 2nd period - Zachary Bolduc wins face-off versus John Farinacci in JACKSONVILLE MUDBUGS zone.
13:57 of 2nd period - Shot by Jagger Firkus.
13:57 of 2nd period - Stopped by Benjamin Gaudreau with a rebound.
13:59 of 2nd period - Shot by Zachary Bolduc.
13:59 of 2nd period - Stopped by Benjamin Gaudreau without a rebound.
14:00 of 2nd period - John Farinacci wins face-off versus Zachary Bolduc in JACKSONVILLE MUDBUGS zone.
14:32 of 2nd period - Off-side.
14:33 of 2nd period - Conor Geekie wins face-off versus Brett Leason in neutral zone.
15:14 of 2nd period - Shot by Jagger Firkus.
15:14 of 2nd period - Deflect By Hendrix Lapierre.
15:14 of 2nd period - Shot Blocked by Mikko Kokkonen.
15:16 of 2nd period - Shot by David Reinbacher.
15:16 of 2nd period - Shot Misses the Net.
15:18 of 2nd period - Shot by David Reinbacher.
15:18 of 2nd period - Shot Misses the Net.
15:20 of 2nd period - Shot by Hendrix Lapierre.
15:20 of 2nd period - Shot Misses the Net.
15:22 of 2nd period - Shot by Jimmy Snuggerud.
15:22 of 2nd period - Deflect By Hendrix Lapierre.
15:22 of 2nd period - Stopped by Benjamin Gaudreau without a rebound.
15:23 of 2nd period - John Farinacci wins face-off versus Hendrix Lapierre in JACKSONVILLE MUDBUGS zone.
15:34 of 2nd period - Shot by Brett Leason.
15:34 of 2nd period - Stopped by Dustin Tokarski without a rebound.
15:35 of 2nd period - Martin Pospisil wins face-off versus Clark Bishop in TROIS-RIVIERES DRAVEURS zone.
15:42 of 2nd period - Shot by Martin Pospisil.
15:42 of 2nd period - Shot Blocked by Tyler Wotherspoon.
15:46 of 2nd period - Shot by Martin Pospisil.
15:46 of 2nd period - Stopped by Dustin Tokarski without a rebound.
15:47 of 2nd period - John Farinacci wins face-off versus Zachary Bolduc in TROIS-RIVIERES DRAVEURS zone.
16:44 of 2nd period - Hendrix Lapierre is hit by Brett Leason.
17:24 of 2nd period - Shot by Morgan Barron.
17:24 of 2nd period - Goal by Morgan Barron - JACKSONVILLE MUDBUGS : 1 - TROIS-RIVIERES DRAVEURS : 6.
17:25 of 2nd period - Zachary Bolduc wins face-off versus Martin Pospisil in neutral zone.
17:31 of 2nd period - Off-side.
17:32 of 2nd period - Hendrix Lapierre wins face-off versus Benoit-Olivier Groulx in neutral zone.
17:52 of 2nd period - Icing by Kasperi Kapanen.
17:53 of 2nd period - Zachary Bolduc wins face-off versus Benoit-Olivier Groulx in JACKSONVILLE MUDBUGS zone.
18:28 of 2nd period - Off-side.
18:29 of 2nd period - Hendrix Lapierre wins face-off versus Samu Tuomaala in neutral zone.
19:16 of 2nd period - Shot by Zachary Bolduc.
19:16 of 2nd period - Shot Blocked by Brett Leason.
19:22 of 2nd period - Shot by Zach Aston-Reese.
19:22 of 2nd period - Stopped by Dustin Tokarski with a rebound.
19:24 of 2nd period - Shot by Brett Leason.
19:24 of 2nd period - Goal by Brett Leason - JACKSONVILLE MUDBUGS : 2 - TROIS-RIVIERES DRAVEURS : 6.
19:25 of 2nd period - Henri Nikkanen wins face-off versus John Farinacci in neutral zone.
19:30 of 2nd period - Shot by Conor Geekie.
19:30 of 2nd period - Goal by Conor Geekie - JACKSONVILLE MUDBUGS : 2 - TROIS-RIVIERES DRAVEURS : 7.
19:31 of 2nd period - Hendrix Lapierre wins face-off versus John Farinacci in neutral zone.
19:42 of 2nd period - Shot by Conor Geekie.
19:42 of 2nd period - Shot Misses the Net.
19:44 of 2nd period - Shot by Jimmy Snuggerud.
19:44 of 2nd period - Stopped by Benjamin Gaudreau with a rebound.
19:46 of 2nd period - Shot by Jimmy Snuggerud.
19:46 of 2nd period - Shot Misses the Net.
Goals for this period are 2 for JACKSONVILLE MUDBUGS vs 3 for TROIS-RIVIERES DRAVEURS.
Shots for this period are 10 for JACKSONVILLE MUDBUGS vs 18 for TROIS-RIVIERES DRAVEURS.

3rd period


0:01 of 3rd period - John Farinacci wins face-off versus Fabian Lysell in neutral zone.
0:06 of 3rd period - Minor Penalty to Brett Leason for Holding.
0:07 of 3rd period - John Farinacci wins face-off versus Zachary Bolduc in JACKSONVILLE MUDBUGS zone.
0:31 of 3rd period - Shot by Zachary Bolduc.
0:31 of 3rd period - Shot Blocked by Mikko Kokkonen.
0:50 of 3rd period - Shot by Zach Aston-Reese.
0:50 of 3rd period - Shot Misses the Net.
0:53 of 3rd period - Minor Penalty to Corson Ceulemans for Roughing.
0:53 of 3rd period - Minor Penalty to Benoit-Olivier Groulx for Hooking.
0:54 of 3rd period - Conor Geekie wins face-off versus Zach Aston-Reese in TROIS-RIVIERES DRAVEURS zone.
1:58 of 3rd period - Shot by Fabian Lysell.
1:58 of 3rd period - Shot Misses the Net.
2:28 of 3rd period - Icing by Ryan O'Rourke.
2:29 of 3rd period - Conor Geekie wins face-off versus John Farinacci in TROIS-RIVIERES DRAVEURS zone.
2:36 of 3rd period - Shot by Conor Geekie.
2:36 of 3rd period - Shot Misses the Net.
2:38 of 3rd period - Shot by Conor Geekie.
2:38 of 3rd period - Shot Blocked by Brett Leason.
2:40 of 3rd period - Shot by Conor Geekie.
2:40 of 3rd period - Shot Misses the Net.
2:42 of 3rd period - Shot by Conor Geekie.
2:42 of 3rd period - Shot Misses the Net.
2:57 of 3rd period - Rasmus Kupari is hit by Ole Julian Bjorgvik-Holm and loses puck.
3:16 of 3rd period - Shot by Zachary Bolduc.
3:16 of 3rd period - Shot Misses the Net.
3:18 of 3rd period - Shot by Rasmus Kupari.
3:18 of 3rd period - Stopped by Benjamin Gaudreau without a rebound.
3:19 of 3rd period - Benoit-Olivier Groulx wins face-off versus Hendrix Lapierre in JACKSONVILLE MUDBUGS zone.
3:36 of 3rd period - Shot by Hendrix Lapierre.
3:36 of 3rd period - Stopped by Benjamin Gaudreau without a rebound.
3:37 of 3rd period - Martin Pospisil wins face-off versus Zachary Bolduc in JACKSONVILLE MUDBUGS zone.
4:01 of 3rd period - Minor Penalty to Artem Duda for Holding.
4:02 of 3rd period - John Farinacci wins face-off versus Conor Geekie in JACKSONVILLE MUDBUGS zone.
4:02 of 3rd period - John Farinacci is hit by Conor Geekie.
4:09 of 3rd period - Off-side.
4:10 of 3rd period - Conor Geekie wins face-off versus John Farinacci in neutral zone.
4:21 of 3rd period - Shot by Rasmus Kupari.
4:21 of 3rd period - Shot Misses the Net.
4:45 of 3rd period - Icing by Conor Geekie.
4:46 of 3rd period - John Farinacci wins face-off versus Rasmus Kupari in TROIS-RIVIERES DRAVEURS zone.
4:51 of 3rd period - Shot by John Farinacci.
4:51 of 3rd period - Deflect By Samu Tuomaala.
4:51 of 3rd period - Stopped by Dustin Tokarski without a rebound.
4:52 of 3rd period - John Farinacci wins face-off versus Zachary Bolduc in TROIS-RIVIERES DRAVEURS zone.
5:17 of 3rd period - Fabian Lysell is hit by Ole Julian Bjorgvik-Holm and loses puck.
5:49 of 3rd period - Shot by Rasmus Kupari.
5:49 of 3rd period - Stopped by Benjamin Gaudreau with a rebound.
5:51 of 3rd period - Shot by Rasmus Kupari.
5:51 of 3rd period - Shot Misses the Net.
5:53 of 3rd period - Shot by Conor Geekie.
5:53 of 3rd period - Shot Misses the Net.
5:55 of 3rd period - Shot by Rasmus Kupari.
5:55 of 3rd period - Shot Misses the Net.
5:57 of 3rd period - Shot by Rasmus Kupari.
5:57 of 3rd period - Shot Misses the Net.
6:07 of 3rd period - Shot by Hendrix Lapierre.
6:07 of 3rd period - Stopped by Benjamin Gaudreau with a rebound.
6:10 of 3rd period - Hendrix Lapierre is hit by Artem Duda and loses puck.
6:33 of 3rd period - Artem Duda is hit by Conor Geekie.
6:53 of 3rd period - Shot by Morgan Barron.
6:53 of 3rd period - Shot Misses the Net.
6:56 of 3rd period - Icing by Ryan Chesley.
6:57 of 3rd period - Hendrix Lapierre wins face-off versus Martin Pospisil in TROIS-RIVIERES DRAVEURS zone.
7:05 of 3rd period - Icing by Hendrix Lapierre.
7:06 of 3rd period - Hendrix Lapierre wins face-off versus Martin Pospisil in TROIS-RIVIERES DRAVEURS zone.
7:35 of 3rd period - Off-side.
7:36 of 3rd period - Zachary Bolduc wins face-off versus Zach Aston-Reese in neutral zone.
7:46 of 3rd period - Minor Penalty to Zach Aston-Reese for Hooking.
7:47 of 3rd period - Zachary Bolduc wins face-off versus Brett Leason in JACKSONVILLE MUDBUGS zone.
7:55 of 3rd period - Shot by Fabian Lysell.
7:55 of 3rd period - Stopped by Benjamin Gaudreau with a rebound.
7:57 of 3rd period - Shot by Fabian Lysell.
7:57 of 3rd period - Shot Misses the Net.
8:04 of 3rd period - Zachary Bolduc is hit by Mikko Kokkonen and loses puck.
8:23 of 3rd period - Shot by Fabian Lysell.
8:23 of 3rd period - Shot Misses the Net.
8:47 of 3rd period - Off-side.
8:48 of 3rd period - John Farinacci wins face-off versus Clark Bishop in neutral zone.
9:42 of 3rd period - Shot by Zachary Bolduc.
9:42 of 3rd period - Shot Misses the Net.
9:58 of 3rd period - Off-side.
9:59 of 3rd period - Martin Pospisil wins face-off versus Jimmy Snuggerud in neutral zone.
10:14 of 3rd period - Shot by Martin Pospisil.
10:14 of 3rd period - Shot Misses the Net.
10:16 of 3rd period - Shot by Mikko Kokkonen.
10:16 of 3rd period - Shot Misses the Net.
10:18 of 3rd period - Shot by Martin Pospisil.
10:18 of 3rd period - Deflect By Morgan Barron.
10:18 of 3rd period - Stopped by Dustin Tokarski without a rebound.
10:19 of 3rd period - John Farinacci wins face-off versus Zachary Bolduc in TROIS-RIVIERES DRAVEURS zone.
10:20 of 3rd period - Shot by Zach Aston-Reese.
10:20 of 3rd period - Shot Misses the Net.
10:22 of 3rd period - Shot by Ole Julian Bjorgvik-Holm.
10:22 of 3rd period - Shot Misses the Net.
10:24 of 3rd period - Shot by John Farinacci.
10:24 of 3rd period - Stopped by Dustin Tokarski with a rebound.
10:28 of 3rd period - Shot by Zach Aston-Reese.
10:28 of 3rd period - Deflect By Kasperi Kapanen.
10:28 of 3rd period - Stopped by Dustin Tokarski without a rebound.
10:29 of 3rd period - Hendrix Lapierre wins face-off versus John Farinacci in TROIS-RIVIERES DRAVEURS zone.
10:29 of 3rd period - Hendrix Lapierre is hit by Travis Barron.
10:44 of 3rd period - Shot by John Farinacci.
10:44 of 3rd period - Stopped by Dustin Tokarski with a rebound.
10:46 of 3rd period - Shot by Artem Duda.
10:46 of 3rd period - Shot Misses the Net.
10:48 of 3rd period - Shot by John Farinacci.
10:48 of 3rd period - Deflect By Zach Aston-Reese.
10:48 of 3rd period - Shot Blocked by Tyler Wotherspoon.
11:26 of 3rd period - Shot by Morgan Barron.
11:26 of 3rd period - Stopped by Dustin Tokarski with a rebound.
11:30 of 3rd period - Shot by Martin Pospisil.
11:30 of 3rd period - Shot Blocked by Tyler Wotherspoon.
12:00 of 3rd period - Shot by Brett Leason.
12:00 of 3rd period - Deflect By John Farinacci.
12:00 of 3rd period - Stopped by Dustin Tokarski without a rebound.
12:01 of 3rd period - Martin Pospisil wins face-off versus Zachary Bolduc in TROIS-RIVIERES DRAVEURS zone.
12:05 of 3rd period - Shot by Morgan Barron.
12:05 of 3rd period - Shot Misses the Net.
12:07 of 3rd period - Shot by Martin Pospisil.
12:07 of 3rd period - Stopped by Dustin Tokarski without a rebound.
12:08 of 3rd period - Zachary Bolduc wins face-off versus John Farinacci in TROIS-RIVIERES DRAVEURS zone.
12:23 of 3rd period - Shot by Brett Leason.
12:23 of 3rd period - Shot Misses the Net.
12:25 of 3rd period - Shot by Brett Leason.
12:25 of 3rd period - Deflect By Zach Aston-Reese.
12:25 of 3rd period - Shot Misses the Net.
12:27 of 3rd period - Shot by Ty Emberson.
12:27 of 3rd period - Shot Blocked by Corson Ceulemans.
12:29 of 3rd period - Shot by Ty Emberson.
12:29 of 3rd period - Deflect By Brett Leason.
12:29 of 3rd period - Stopped by Dustin Tokarski with a rebound.
13:25 of 3rd period - Shot by Clark Bishop.
13:25 of 3rd period - Shot Blocked by Martin Pospisil.
13:50 of 3rd period - Fabian Lysell is hit by Parker Wotherspoon and loses puck.
14:25 of 3rd period - Ty Emberson is hit by Henri Nikkanen and loses puck.
15:34 of 3rd period - Icing by Tyler Wotherspoon.
15:35 of 3rd period - Martin Pospisil wins face-off versus Fabian Lysell in TROIS-RIVIERES DRAVEURS zone.
16:11 of 3rd period - Icing by Tyler Wotherspoon.
16:12 of 3rd period - Zach Aston-Reese wins face-off versus Fabian Lysell in TROIS-RIVIERES DRAVEURS zone.
16:17 of 3rd period - Shot by Kasperi Kapanen.
16:17 of 3rd period - Stopped by Dustin Tokarski with a rebound.
16:33 of 3rd period - Shot by Kasperi Kapanen.
16:33 of 3rd period - Stopped by Dustin Tokarski without a rebound.
16:34 of 3rd period - Rasmus Kupari wins face-off versus Travis Barron in TROIS-RIVIERES DRAVEURS zone.
17:09 of 3rd period - Icing by Zachary Bolduc.
17:10 of 3rd period - Martin Pospisil wins face-off versus Zachary Bolduc in TROIS-RIVIERES DRAVEURS zone.
17:50 of 3rd period - Shot by Brett Leason.
17:50 of 3rd period - Shot Misses the Net.
17:52 of 3rd period - Shot by Brett Leason.
17:52 of 3rd period - Stopped by Dustin Tokarski with a rebound.
17:54 of 3rd period - Shot by Zach Aston-Reese.
17:54 of 3rd period - Shot Misses the Net.
17:56 of 3rd period - Shot by Brett Leason.
17:56 of 3rd period - Shot Blocked by Ryan Chesley.
17:58 of 3rd period - Shot by Zach Aston-Reese.
17:58 of 3rd period - Goal by Zach Aston-Reese - JACKSONVILLE MUDBUGS : 3 - TROIS-RIVIERES DRAVEURS : 7.
17:59 of 3rd period - Jimmy Snuggerud wins face-off versus John Farinacci in neutral zone.
18:10 of 3rd period - Shot by Conor Geekie.
18:10 of 3rd period - Shot Misses the Net.
18:12 of 3rd period - Shot by Hendrix Lapierre.
18:12 of 3rd period - Stopped by Benjamin Gaudreau without a rebound.
18:13 of 3rd period - Zachary Bolduc wins face-off versus Martin Pospisil in JACKSONVILLE MUDBUGS zone.
18:13 of 3rd period - Rasmus Kupari is hit by Ty Emberson and loses puck.
18:33 of 3rd period - Shot by Morgan Barron.
18:33 of 3rd period - Shot Misses the Net.
Goals for this period are 1 for JACKSONVILLE MUDBUGS vs 0 for TROIS-RIVIERES DRAVEURS.
Shots for this period are 13 for JACKSONVILLE MUDBUGS vs 6 for TROIS-RIVIERES DRAVEURS.